SAAA
VERMONT LAKE MONSTERS @ SCRANTON SUPERNOVAS
05/07/2042
 
TOP OF THE 1ST
Vermont Lake Monsters batting - Pitching for Scranton Supernovas : RHP Oliver Rodríguez
Pitching: RHP Oliver Rodríguez
Batting: RHB Wally Hill 0-0: Ground out 1-3 (Groundball, 34S, EV 84.4 MPH)
Batting: SHB Enrique Martínez 0-0: Ball
1-0: Called Strike
1-1: Swinging Strike
1-2: Ball
2-2: Ground out 5-3 (Groundball, 5, EV 88.8 MPH)
Batting: LHB Todd Strachota 0-0: Called Strike
0-1: Foul Ball, location: 2F
0-2: Foul Ball, location: 2F
0-2: Fly out, F8 (Flyball, 8RM, EV 92.5 MPH)
Top of the 1st over - 0 runs, 0 hits, 0 errors, 0 left on base; Vermont 0 - Scranton 0
BOTTOM OF THE 1ST
Scranton Supernovas batting - Pitching for Vermont Lake Monsters : RHP Keith Lawrence
Pitching: RHP Keith Lawrence
Batting: RHB Yong-ho Jheon 0-0: Foul Ball, location: 2F
0-1: Ground out 6-3 (Groundball, 6M, EV 108.1 MPH)
Batting: RHB August Force 0-0: Ball
1-0: Ball
2-0: Called Strike
2-1: Ball
3-1: Swinging Strike
3-2: Foul Ball, location: 2F
3-2: Strikes out swinging
Batting: LHB Dean Jackson 0-0: Called Strike
0-1: Ball
1-1: Called Strike
1-2: Foul Ball, location: 2F
1-2: Fly out, F8 (Flyball, 8RM, EV 81.9 MPH)
Bottom of the 1st over - 0 runs, 0 hits, 0 errors, 0 left on base; Vermont 0 - Scranton 0
TOP OF THE 2ND
Vermont Lake Monsters batting - Pitching for Scranton Supernovas : RHP Oliver Rodríguez
Batting: SHB Senthamilselvi Manohoran 0-0: Called Strike
0-1: Ball
1-1: Ball
2-1: Foul Ball, location: 2F
2-2: Ball
3-2: Strikes out swinging
Batting: RHB Dragoljub Kandic 0-0: Foul Ball, location: 2F
0-1: Ground out 6-3 (Groundball, 56, EV 105.6 MPH)
Batting: SHB Takeshi Kovacs 0-0: Swinging Strike
0-1: Ball
1-1: Foul Ball, location: 2F
1-2: Ball
2-2: SINGLE (Line Drive, 78M, EV 97.5 MPH)
Batting: RHB John Fuller 0-0: Ball
1-0: TRIPLE (Flyball, 89XD, EV 96.9 MPH)
Takeshi Kovacs scores
Batting: RHB Álex Chávez 0-0: Foul Ball, location: 2F
0-1: Called Strike
0-2: Ball
1-2: Ball
2-2: Strikes out swinging
Top of the 2nd over - 1 run, 2 hits, 0 errors, 1 left on base; Vermont 1 - Scranton 0
BOTTOM OF THE 2ND
Scranton Supernovas batting - Pitching for Vermont Lake Monsters : RHP Keith Lawrence
Batting: RHB Phil Moore 0-0: Swinging Strike
0-1: Foul Ball, location: 2F
0-2: Ground out 6-3 (Groundball, 56, EV 103.1 MPH)
Batting: LHB Guan-pei Bei 0-0: Ball
1-0: Ball
2-0: Ball
3-0: Called Strike
3-1: Base on Balls
Batting: RHB Gene Wilson 0-0: Ball
1-0: Ball
2-0: Called Strike
2-1: Ball
3-1: Base on Balls
Guan-pei Bei to second
Batting: RHB Luis Rodríguez 0-0: Called Strike
0-1: Ball
1-1: Ball
2-1: Called Strike
2-2: Fielders Choice at 2nd, 3-6 (Groundball, 3, EV 105.6 MPH)
Guan-pei Bei to third
Batting: RHB César Ferreira 0-0: Ball
1-0: Swinging Strike
1-1: Fly out, F9 (Flyball, 9LS, EV 91.2 MPH)
Bottom of the 2nd over - 0 runs, 0 hits, 0 errors, 2 left on base; Vermont 1 - Scranton 0
TOP OF THE 3RD
Vermont Lake Monsters batting - Pitching for Scranton Supernovas : RHP Oliver Rodríguez
Batting: RHB Mark Kirk 0-0: Ball
1-0: Ball
2-0: Foul Ball, location: 2F
2-1: Foul Ball, location: 2F
2-2: SINGLE (Groundball, 6D, EV 95.6 MPH)
Batting: RHB Wally Hill 0-0: Called Strike
0-1: Ball
1-1: Ball
2-1: Ball
3-1: Base on Balls
Mark Kirk to second
Batting: SHB Enrique Martínez 0-0: Ball
1-0: Foul Ball, location: 2F
1-1: Ball
Mark Kirk is caught stealing 3rd base 2-5
2-1: Ball
3-1: Foul Ball, location: 2F
3-2: Strikes out swinging
Wally Hill is caught stealing 2nd base 2-6
Batter strikes out.
Top of the 3rd over - 0 runs, 1 hit, 0 errors, 0 left on base; Vermont 1 - Scranton 0
BOTTOM OF THE 3RD
Scranton Supernovas batting - Pitching for Vermont Lake Monsters : RHP Keith Lawrence
Batting: RHB Domingo Cabrera 0-0: Called Strike
0-1: Ball
1-1: Ball
2-1: Ground out 6-3 (Groundball, 6, EV 81.2 MPH)
Batting: RHB Yong-ho Jheon 0-0: SINGLE (Flyball, 3D, EV 91.9 MPH)
Batting: RHB August Force 0-0: Ball
1-0: Ball
2-0: SINGLE (Flyball, 3D, EV 98.8 MPH)
Yong-ho Jheon to second
Batting: LHB Dean Jackson 0-0: SINGLE (Groundball, 15S, EV 69.4 MPH) (infield hit)
Yong-ho Jheon to third
August Force to second
Batting: RHB Phil Moore 0-0: Called Strike
0-1: SINGLE (Line Drive, 9S, EV 89.4 MPH)
Yong-ho Jheon scores
August Force to third
Dean Jackson to second
Runner from 3rd tries for Home, SAFE, no throw by RF
Batting: LHB Guan-pei Bei 0-0: Called Strike
0-1: DOUBLE (Line Drive, 9LM, EV 109.4 MPH)
Dean Jackson scores
Phil Moore to third
Pinch Runner at 2nd Bill Stanton:
Batting: RHB Gene Wilson 0-0: Foul Ball, location: 2F
0-1: Ground out 5-3 (Groundball, 56, EV 85.6 MPH)
Phil Moore scores
Batting: RHB Luis Rodríguez 0-0: Ground out 5-3 (Groundball, 56, EV 89.4 MPH)
Bottom of the 3rd over - 4 runs, 5 hits, 0 errors, 1 left on base; Vermont 1 - Scranton 4
TOP OF THE 4TH
Vermont Lake Monsters batting - Pitching for Scranton Supernovas : RHP Oliver Rodríguez
Now in LF: Abhipala Srivastav
Batting: LHB Todd Strachota 0-0: Ball
1-0: Ball
2-0: Called Strike
2-1: Foul Ball, location: 2F
2-2: Ground out 6-3 (Groundball, 6, EV 104.4 MPH)
Batting: SHB Senthamilselvi Manohoran 0-0: Ball
1-0: Ball
2-0: Ball
3-0: Called Strike
3-1: Foul Ball, location: 2F
3-2: Base on Balls
Batting: RHB Dragoljub Kandic 0-0: Called Strike
0-1: Ball
1-1: Foul Ball, location: 2F
1-2: Strikes out swinging
Batting: SHB Takeshi Kovacs 0-0: Foul Ball, location: 2F
0-1: Ball
1-1: Fly out, F8 (Flyball, 8RS, EV 90.0 MPH)
Top of the 4th over - 0 runs, 0 hits, 0 errors, 1 left on base; Vermont 1 - Scranton 4
BOTTOM OF THE 4TH
Scranton Supernovas batting - Pitching for Vermont Lake Monsters : RHP Keith Lawrence
Batting: RHB César Ferreira 0-0: DOUBLE (Line Drive, 7LS, EV 96.2 MPH)
Batting: RHB Domingo Cabrera 0-0: Ball
1-0: Swinging Strike
1-1: DOUBLE (Line Drive, 9LM, EV 111.2 MPH)
César Ferreira scores
Pitching: LHP Jesús Fregaso
Batting: RHB Yong-ho Jheon 0-0: Ball
1-0: Ball
2-0: Ball
3-0: Called Strike
3-1: Foul Ball, location: 2F
3-2: DOUBLE (Line Drive, 7LD, EV 105.6 MPH)
Domingo Cabrera scores
Batting: RHB August Force 0-0: Called Strike
0-1: Called Strike
0-2: Fly out, F8 (Flyball, 8LS, EV 85.0 MPH)
Batting: LHB Dean Jackson 0-0: Fly out, F9 (Flyball, 9D, EV 80.6 MPH)
Runner from 2nd tags up, SAFE at 3rd, no throw by RF
Batting: RHB Phil Moore 0-0: Swinging Strike
0-1: SINGLE (Flyball, 7LM, EV 95.6 MPH)
Yong-ho Jheon scores
Batting: RHB Abhipala Srivastav 0-0: Fielders Choice at 2nd, 6-4 (Groundball, 56D, EV 106.9 MPH)
Bottom of the 4th over - 3 runs, 4 hits, 0 errors, 1 left on base; Vermont 1 - Scranton 7
TOP OF THE 5TH
Vermont Lake Monsters batting - Pitching for Scranton Supernovas : RHP Oliver Rodríguez
Batting: RHB John Fuller 0-0: Ball
1-0: Swinging Strike
1-1: Called Strike
1-2: Ball
2-2: Foul Ball, location: 2F
2-2: SINGLE (Line Drive, 6M, EV 105.0 MPH)
Batting: RHB Álex Chávez 0-0: Called Strike
0-1: Ball
John Fuller is caught stealing 2nd base 2-4
1-1: Ball
2-1: Called Strike
2-2: Ball
3-2: Foul Ball, location: 2F
3-2: Strikes out swinging
Batting: RHB Mark Kirk 0-0: Called Strike
0-1: Reached on error, E5 (Groundball, 56S, EV 69.4 MPH)
Batting: RHB Wally Hill 0-0: Called Strike
0-1: Called Strike
0-2: Ball
1-2: Ball
2-2: Foul Ball, location: 2F
2-2: Foul Ball, location: 2F
2-2: Strikes out swinging
Top of the 5th over - 0 runs, 1 hit, 1 error, 1 left on base; Vermont 1 - Scranton 7
BOTTOM OF THE 5TH
Scranton Supernovas batting - Pitching for Vermont Lake Monsters : LHP Jesús Fregaso
Batting: RHB Gene Wilson 0-0: Called Strike
0-1: Ball
1-1: Ball
2-1: Ball
3-1: Called Strike
3-2: Base on Balls
Batting: RHB Luis Rodríguez 0-0: Foul Ball, location: 2F
0-1: Grounds into double play, 6-4-3 (Groundball, 6D, EV 83.8 MPH)
Batting: RHB César Ferreira 0-0: Ball
1-0: Ground out 5-3 (Groundball, 5S, EV 85.6 MPH)
Bottom of the 5th over - 0 runs, 0 hits, 0 errors, 0 left on base; Vermont 1 - Scranton 7
TOP OF THE 6TH
Vermont Lake Monsters batting - Pitching for Scranton Supernovas : RHP Oliver Rodríguez
Batting: SHB Enrique Martínez 0-0: Called Strike
0-1: Ball
1-1: Called Strike
1-2: Fly out, F8 (Flyball, 8RM, EV 87.5 MPH)
Batting: LHB Todd Strachota 0-0: Ball
1-0: Ball
2-0: Called Strike
2-1: Called Strike
2-2: Strikes out looking
Batting: SHB Senthamilselvi Manohoran 0-0: Foul Ball, location: 2F
0-1: Swinging Strike
0-2: Strikes out swinging
Top of the 6th over - 0 runs, 0 hits, 0 errors, 0 left on base; Vermont 1 - Scranton 7
BOTTOM OF THE 6TH
Scranton Supernovas batting - Pitching for Vermont Lake Monsters : LHP Jesús Fregaso
Batting: RHB Domingo Cabrera 0-0: Ball
1-0: Swinging Strike
1-1: Swinging Strike
1-2: Strikes out swinging
Batting: RHB Yong-ho Jheon 0-0: Ball
1-0: Called Strike
1-1: DOUBLE (Line Drive, 9LM, EV 101.2 MPH)
Batting: RHB August Force 0-0: Foul Ball, location: 2F
0-1: Swinging Strike
0-2: Strikes out swinging
Batting: LHB Dean Jackson 0-0: Called Strike
0-1: Ball
1-1: SINGLE (Groundball, 34D, EV 98.8 MPH)
Yong-ho Jheon to third
Runner from 3rd tries for Home, SAFE, throw by RF to home
Dean Jackson to second
Batting: RHB Phil Moore 0-0: Called Strike
0-1: Fly out, F9 (Flyball, 9LM, EV 94.4 MPH)
Bottom of the 6th over - 1 run, 2 hits, 0 errors, 1 left on base; Vermont 1 - Scranton 8
TOP OF THE 7TH
Vermont Lake Monsters batting - Pitching for Scranton Supernovas : RHP Oliver Rodríguez
Pinch Hitting: SHB Junya Furuya 0-0: Ball
1-0: Foul Ball, location: 2F
1-1: Ball
2-1: Ball
3-1: Base on Balls
Batting: SHB Takeshi Kovacs 0-0: Ball
1-0: Fielders Choice at 2nd, 1-6 (Groundball, 34S, EV 85.6 MPH)
Batting: RHB John Fuller 0-0: Called Strike
0-1: Ball
1-1: Foul Ball, location: 2F
1-2: Ball
2-2: Ball
Takeshi Kovacs steals 2nd base (no throw)
3-2: Ground out 6-3 (Groundball, 6, EV 102.5 MPH)
Pitching: RHP Robert Smith
Batting: RHB Álex Chávez 0-0: Ball
1-0: Ball
2-0: Ball
3-0: Called Strike
3-1: Ground out 4-3 (Groundball, 4M, EV 95.6 MPH)
Top of the 7th over - 0 runs, 0 hits, 0 errors, 1 left on base; Vermont 1 - Scranton 8
BOTTOM OF THE 7TH
Scranton Supernovas batting - Pitching for Vermont Lake Monsters : LHP Jesús Fregaso
Now at 1B: Sincere Wushon David
Pinch Hitting: RHB Beco Bnard 0-0: Ball
1-0: Foul Ball, location: 2F
1-1: Swinging Strike
1-2: Ball
2-2: Foul Ball, location: 2F
2-2: Ground out U3 (Groundball, 3, EV 85.6 MPH)
Batting: RHB Gene Wilson 0-0: Ball
1-0: Fly out, F7 (Flyball, 7LM, EV 85.6 MPH)
Batting: RHB Luis Rodríguez 0-0: Ball
1-0: Called Strike
1-1: Ball
2-1: Ball
3-1: Swinging Strike
3-2: Base on Balls
Batting: RHB César Ferreira 0-0: Ball
1-0: DOUBLE (Line Drive, 78M, EV 94.4 MPH)
Luis Rodríguez to third
Batting: RHB Domingo Cabrera 0-0: Ball
1-0: Foul Ball, location: 2F
1-1: Foul Ball, location: 2F
1-2: Ball
2-2: Foul Ball, location: 2F
2-2: Strikes out swinging
Bottom of the 7th over - 0 runs, 1 hit, 0 errors, 2 left on base; Vermont 1 - Scranton 8
TOP OF THE 8TH
Vermont Lake Monsters batting - Pitching for Scranton Supernovas : RHP Robert Smith
Now in LF: Beco Bnard
Batting: RHB Mark Kirk 0-0: Fly out, F5 (Line Drive, 5, EV 70.0 MPH)
Batting: RHB Wally Hill 0-0: Ball
1-0: Ball
2-0: Swinging Strike
2-1: Foul Ball, location: 2F
2-2: Fly out, F3 (Popup, 3F, EV 67.5 MPH)
Batting: SHB Enrique Martínez 0-0: Ball
1-0: Called Strike
1-1: Ball
2-1: Foul Ball, location: 2F
2-2: Foul Ball, location: 2F
2-2: Foul Ball, location: 2F
2-2: Strikes out looking
Top of the 8th over - 0 runs, 0 hits, 0 errors, 0 left on base; Vermont 1 - Scranton 8
BOTTOM OF THE 8TH
Scranton Supernovas batting - Pitching for Vermont Lake Monsters : LHP Jesús Fregaso
Batting: RHB Yong-ho Jheon 0-0: Foul Ball, location: 2F
0-1: Swinging Strike
0-2: Foul Ball, location: 2F
0-2: Ball
1-2: Ground out 6-3 (Groundball, 6, EV 85.0 MPH)
Batting: RHB August Force 0-0: Ball
1-0: Swinging Strike
1-1: Swinging Strike
1-2: Ball
2-2: Fly out, F8 (Flyball, 8RXD, EV 99.4 MPH)
Batting: LHB Dean Jackson 0-0: Called Strike
0-1: Ground out 2-3 (Groundball, 15S, EV 73.1 MPH)
Bottom of the 8th over - 0 runs, 0 hits, 0 errors, 0 left on base; Vermont 1 - Scranton 8
TOP OF THE 9TH
Vermont Lake Monsters batting - Pitching for Scranton Supernovas : RHP Robert Smith
Pinch Hitting: LHB Ryan Ferguson 0-0: Ball
1-0: Foul Ball, location: 2F
1-1: Ball
2-1: Swinging Strike
2-2: Ball
3-2: Base on Balls
Batting: SHB Senthamilselvi Manohoran 0-0: Called Strike
0-1: Ball
1-1: Fielders Choice at 2nd, 1-4 (Groundball, 15S, EV 62.5 MPH)
Batting: RHB Sincere Wushon David 0-0: Foul Ball, location: 2F
0-1: Foul Ball, location: 2F
0-2: Strikes out swinging
Batting: SHB Takeshi Kovacs 0-0: Ball
1-0: Foul Ball, location: 2F
1-1: Ball
2-1: Foul Ball, location: 2F
2-2: Foul Ball, location: 2F
2-2: Fly out, F8 (Flyball, 89D, EV 96.2 MPH)
Top of the 9th over - 0 runs, 0 hits, 0 errors, 1 left on base; Vermont 1 - Scranton 8
Friday, March 26th, 2021 - OOTP Baseball 20.8 Build 74